 Dungeon Crawl Stone Soup version 0.28-a0-1227-ga9037bb4c8 (webtiles) character file.

Game seed: 14111178449470315581

278 jbasstz the Slasher (level 6, 0/53 HPs)
             Began as a Minotaur Berserker on Dec 22, 2021.
             Was a Believer of Trog.
             Slain by Pikel (1 damage)
             ... on level 3 of the Dungeon.
             The game lasted 00:10:17 (3810 turns).

jbasstz the Slasher (Minotaur Berserker)            Turns: 3810, Time: 00:10:17

Health: 0/53       AC:  5    Str: 24    XL:     6   Next: 5%
Magic:  5/5        EV: 15    Int:  4    God:    Trog [**....]
Gold:   205        SH:  0    Dex:  9    Spells: 5/5 levels left

rFire   . . .      SeeInvis .   a - +0 falchion
rCold   . . .      Faith    .   (no shield)
rNeg    . . .      Spirit   .   k - +0 ring mail
rPois   .          Reflect  .   (helmet restricted)
rElec   .          Harm     .   (no cloak)
rCorr   .          Rampage  .   (no gloves)
Will    .....                   (no boots)
Stlth   ..........              (no amulet)
HPRegen 0.17/turn               m - +4 ring of evasion
MPRegen 0.09/turn               (no ring)

@: no status effects
A: horns 2, retaliatory headbutt
a: Renounce Religion, Berserk, Trog's Hand


You were on level 3 of the Dungeon.
You worshipped Trog.
Trog was pleased with you.
You visited 1 branch of the dungeon, and saw 4 of its levels.

You collected 205 gold pieces.

Inventory:

Hand Weapons
 a - a +0 falchion (weapon)
Armour
 b - a +0 animal skin
 e - a +0 robe
 k - a +0 ring mail (worn)
Jewellery
 m - a +4 ring of evasion (left hand)
Wands
 r - a wand of iceblast (11)
Scrolls
 c - a scroll of fog {unknown}
 d - a scroll of enchant weapon {unknown}
 f - 2 scrolls of identify {unknown}
 g - a scroll of immolation {unknown}
 o - 3 scrolls of amnesia {unknown}
 q - 2 scrolls of magic mapping {unknown}
 s - a scroll of teleportation {unknown}
Potions
 h - a potion of resistance {unknown}
 i - a potion of curing {unknown}
 j - a potion of brilliance
 l - 2 potions of invisibility {unknown}
 n - a potion of cancellation {unknown}
 p - a potion of mutation {unknown}


   Skills:
 + Level 4.7 Fighting
 + Level 6.1 Long Blades
 + Level 4.1 Armour
 + Level 3.3 Dodging
 + Level 0.1 Stealth


You had 5 spell levels left.
You didn't know any spells.
Your spell library was empty.

Dungeon Overview and Level Annotations

Branches:
Dungeon (4/15)             Temple (0/1) D:4

Altars:
Fedhas
Trog

Annotations:
D:3 Pikel


Innate Abilities, Weirdness & Mutations

You have a pair of horns on your head.
You reflexively headbutt those who attack you in melee.


Message History

a stone; a +0 short sword
There is a stone staircase leading down here.
Pikel hits you with a +0 whip of flaming.
Pikel burns you.
You barely miss Pikel. Your headbutt misses Pikel.
Pikel hits you with a +0 whip of flaming.
* * * LOW HITPOINT WARNING * * *
Pikel burns you.
* * * LOW HITPOINT WARNING * * *
You hit Pikel. You headbutt Pikel.
Pikel is lightly wounded.
Pikel hits you with a +0 whip of flaming.
* * * LOW HITPOINT WARNING * * *
Pikel burns you.
* * * LOW HITPOINT WARNING * * *
You hit Pikel but do no damage.
Pikel is lightly wounded.
Pikel cracks his whip.
Pikel closely misses you. You furiously retaliate!
You headbutt Pikel. You barely miss Pikel. Your headbutt misses Pikel.
Pikel is moderately wounded.
Pikel closely misses you. You furiously retaliate!
You headbutt Pikel. You slash Pikel!
Pikel is severely wounded.
Pikel completely misses you. You furiously retaliate!
You headbutt Pikel. You barely miss Pikel.
Pikel is severely wounded.
Pikel hits you with a +0 whip of flaming.
* * * LOW HITPOINT WARNING * * *
Pikel burns you.
* * * LOW HITPOINT WARNING * * *
You hit Pikel. You headbutt Pikel.
Pikel is almost dead.
Pikel closely misses you. You furiously retaliate!
You headbutt Pikel. You barely miss Pikel.
Pikel is almost dead.
Pikel hits you with a +0 whip of flaming.
* * * LOW HITPOINT WARNING * * *
Pikel burns you.
You die...

..################
...(.....>.......#
..##############.# ..#
#.# ..# #.# ### #.#
#.# ## #K# ###. # #@#
#... # ##########.#
#.#. #
#........|.###########
#.## #
#....................#
#.## #
#..#######...#######.#
#.## # #..# #...#
#.###.## # #..# #.#.#
#....... # #..# #.#.#
###.#.## # ##..# #.#.#
#.#.##


You could see Pikel.

Vanquished Creatures
  2 lemures
  2 scorpions (D:4)
  A hound (D:4)
  An iguana (D:4)
  2 adders (D:2)
  4 dart slugs
  2 orcs
  5 endoplasms
  A giant cockroach (D:4)
  10 goblins
  5 hobgoblins
  3 jackals (D:3)
  7 kobolds
  4 quokkas
  5 ball pythons
  8 bats
  5 frilled lizards
  5 rats
72 creatures vanquished.

Notes
Turn   | Place    | Note
-------+----------+-------------------------------------------
     0 | D:1      | jbasstz the Minotaur Berserker began the quest for the Orb.
     0 | D:1      | Reached XP level 1. HP: 19/19 MP: 0/0
   265 | D:1      | Reached skill level 4 in Long Blades
   265 | D:1      | Reached XP level 2. HP: 25/27 MP: 1/1
   728 | D:1      | Reached XP level 3. HP: 28/33 MP: 2/2
  1324 | D:2      | Found a faded altar of an unknown god.
  1341 | D:2      | Reached ** piety under Trog
  1742 | D:2      | Reached XP level 4. HP: 41/41 MP: 3/3
  2117 | D:3      | Found a bloodstained altar of Trog.
  2129 | D:3      | Reached skill level 5 in Long Blades
  2396 | D:3      | Found a blossoming altar of Fedhas.
  2814 | D:4      | Noticed a scorpion
  2824 | D:4      | Killed a scorpion
  2825 | D:4      | Reached XP level 5. HP: 33/47 MP: 4/4
  2929 | D:4      | Found a staircase to the Ecumenical Temple.
  2993 | D:4      | HP: 3/70 [poisoned by a scorpion]
  3310 | D:4      | Reached skill level 6 in Long Blades
  3310 | D:4      | Reached XP level 6. HP: 41/53 MP: 5/5
  3614 | D:4      | Noticed Pikel
  3810 | D:3      | HP: 1/53 [Pikel (6)]
  3810 | D:3      | Slain by Pikel

Illustrated notes

Levels and vault maps discovered:
D:1:      dpeg_arrival_arbitrary_c, layout_basic,
          wander_ebering_terrifying_dragon_lair
D:2:      wander_river, layout_basic, shapermc_ecumenical_altar_totnotflames,
          minmay_misc_feat_cross
D:3:      layout_loops_ring, trog_three_pillars_becter,
          mainiacjoe_overflow_six_doors_small
D:4:      layout_gridville, minmay_temple_entry_statues_pillars,
          kennysheep_generic_room_2, uniq_pikel

Skill      XL: |  1  2  3  4  5 |
---------------+----------------+-----
Long Blades    | 4 5 6 |  6.1
Fighting       | 4 |  4.7
Armour         | 3 4 |  4.1
Dodging        | 3 |  3.3
Stealth        | |  0.1

Action                   |  1- 3 |  4- 6 || total
-------------------------+-------+-------++-------
Melee: Falchion          |    95 |    76 ||   171
       Headbutt          |     9 |    15 ||    24
  Use: Potion            |       |     3 ||     3
Armor: Animal skin       |     1 |       ||     1
       Robe              |     9 |       ||     9
       Ring mail         |    20 |    11 ||    31
Dodge: Dodged            |    72 |    63 ||   135

Table legend: (Time is in decaauts)
 A = Elapsed time spent in this place.
 B = Non-inter-level travel time spent in this place.
 C = Inter-level travel time spent in this place.
 D = Time resting spent in this place.
 E = Time spent auto-exploring this place.
 F = Levels seen in this place.
 G = Mean time per level.
                   A        B        C        D        E       F      G
               +--------+--------+--------+--------+--------+-----+--------+
         Total |   3869 |   3869 |      0 |    517 |   2459 |   4 |  967.2 |
       Dungeon |   3869 |   3869 |      0 |    517 |   2459 |   4 |  967.2 |
               +--------+--------+--------+--------+--------+-----+--------+

Top non-repeatable levels by time:
     D:2: 1089 daAuts
     D:4: 941 daAuts
     D:3: 932 daAuts
     D:1: 905 daAuts
